 Dungeon Crawl Stone Soup version 0.20.0-8-g6b59dc7 (webtiles) character file.

15295 Lochraine the Zephyrmancer (level 12, -1/73 HPs)
             Began as a Kobold Air Elementalist on June 1, 2017.
             Was a High Priest of Okawaru.
             Slain by a manticore (24 damage)
             ... on level 2 of the Lair of Beasts.
             The game lasted 00:49:00 (14687 turns).

Lochraine the Zephyrmancer (KoAE)                  Turns: 14687, Time: 00:49:01

Health: -1/73      AC:  3    Str: 12    XL:     12   Next: 55%
Magic:  21/30      EV: 25    Int: 22    God:    Okawaru [*****.]
Gold:   212        SH:  7    Dex: 15    Spells: 4/24 levels left

rFire    + . .     SeeInvis .   a - +10 quick blade
rCold    + . .     Gourm    .   p - +0 buckler
rNeg     . . .     Faith    .   e - +0 robe {rC+ rF+}
rPois    .         Spirit   .   (no helmet)
rElec    .         Reflect  .   (no cloak)
rCorr    .         Harm     .   (no gloves)
MR       .....                  x - +0 pair of boots
Stlth    +++++.....             (no amulet)
Regen    0.3/turn               B - +2 ring of strength
MPRegen  0.3/turn               u - ring of magical power

@: mighty, heroism
A: carnivore 3
a: Heroism, Finesse, Renounce Religion


You were on level 2 of the Lair of Beasts.
You worshipped Okawaru.
Okawaru was extremely pleased with you.
You were very full.

You visited 2 branches of the dungeon, and saw 13 of its levels.

You collected 492 gold pieces.
You spent 280 gold pieces at shops.

Inventory:

Hand Weapons
 a - a +10 quick blade (weapon)
   (Okawaru gifted it to you on level 1 of the Lair of Beasts)
 I - a +1 hand axe of draining
   (You took it off an orc on level 4 of the Dungeon)
 M - a +1 hand crossbow of flaming
   (Okawaru gifted it to you on level 2 of the Lair of Beasts)
Missiles
 J - 82 arrows
Armour
 e - a +0 robe of resistance (worn)
   (You took it off an orc wizard on level 9 of the Dungeon)
 p - a +0 buckler (worn)
   (You found it on level 5 of the Dungeon)
 x - a +0 pair of boots (worn)
   (You found it on level 4 of the Dungeon)
Magical Staves
 b - an uncursed staff of conjuration {!a}
   (You found it on level 5 of the Dungeon)
Jewellery
 u - a ring of magical power (right hand)
   (You found it on level 3 of the Dungeon)
 B - a +2 ring of strength (left hand)
   (You found it on level 4 of the Dungeon)
 O - an uncursed ring of ice
   (You found it on level 8 of the Dungeon)
Wands
 f - a wand of polymorph (7/24)
   (You found it on level 1 of the Lair of Beasts)
 j - a wand of clouds (7/9)
   (You took it off a gnoll on level 9 of the Dungeon)
 y - a wand of confusion (23/48)
   (You found it on level 7 of the Dungeon)
 C - a wand of enslavement (17/24)
   (You found it on level 1 of the Lair of Beasts)
Scrolls
 d - 2 scrolls of recharging
 k - a scroll of remove curse {@r2}
 l - 2 scrolls of identify {@r1}
 D - a scroll of magic mapping
 E - a scroll of fear
Potions
 g - 2 potions of haste {@q3}
 h - a potion of lignification {unknown}
 o - 2 potions of brilliance
 q - 2 potions of berserk rage
 r - a potion of mutation {!q}
 t - a potion of degeneration {!q}
 F - a potion of flight
 G - a potion of agility
 H - a potion of magic
 K - a potion of resistance
Books
 i - a book of Misfortune
   (You found it on level 2 of the Dungeon)
 s - a book of Air
Miscellaneous
 A - a phial of floods
   (You found it on level 9 of the Dungeon)
Comestibles
 c - 4 meat rations
 n - 6 royal jellies
 w - 3 chunks of flesh


   Skills:
 + Level 8.0(13.0) Fighting
 - Level 5.3(10.3) Short Blades
 + Level 8.7(13.7) Dodging
 + Level 7.6(12.6) Stealth
 - Level 4.0(9.0) Shields
 - Level 6.5 Spellcasting
 - Level 8.0 Conjurations
 * Level 3.1 Hexes
 - Level 2.0 Transmutations
 - Level 9.3 Air Magic
 + Level 4.9 Invocations


You had 4 spell levels left.
You knew the following spells:

 Your Spells              Type           Power        Failure   Level  Hunger
a - Shock                 Conj/Air       ####         1%          1    None
b - Sticks to Snakes      Tmut           ###.....     5%          2    None
c - Static Discharge      Conj/Air       #####...     1%          3    #......
d - Airstrike             Air            #####.....   1%          4    ###....
e - Lightning Bolt        Conj/Air       #####.....   7%          5    #####..
s - Swiftness             Chrm/Air       ####....     1%          2    None
x - Confuse               Hex            ###.....     7%          3    #......


Dungeon Overview and Level Annotations

Branches:
Dungeon (10/15)            Temple (0/1) D:7            Lair (3/6) D:8
 Shoals (0/4) Lair:2
  Snake: Lair:2-4    Spider: Lair:2-4       Orc: D:9-12

Altars:
Dithmenos
Elyvilon
Fedhas
Hepliaklqana
Okawaru
Ru
Sif Muna
Trog
Uskayaw
Zin
The Shining One

Shops:
D:6 [   D:8 *   D:9 [(

Annotations:
D:3 Grinder
D:10 MDvedh's ghost, novice MiSu


Innate Abilities, Weirdness & Mutations

You are small and have problems with some larger weapons.
You are carnivorous and can eat meat at any time.


Message History

Unknown command.
Aim: a blink frog (chance to defeat MR: 32%)
Okay, then.
Unknown command.
A crocodile comes into view.
The blink frog barely misses you.
You gain the combat prowess of a mighty hero.
The blink frog hits you!
* * * LOW HITPOINT WARNING * * *
You feel much better. The blink frog closely misses you.
You barely miss the blink frog. You block the blink frog's attack.
You puncture the blink frog! You hit the blink frog.
You block the blink frog's attack.
The blink frog blinks!
Okay, then.
Unknown command.
Unknown command.
Okay, then.
Unknown command.
You feel very mighty all of a sudden.
You barely miss the crocodile. You puncture the crocodile!
You puncture the crocodile! You block the crocodile's attack.
You puncture the crocodile!
You kill the crocodile!
Okawaru accepts your kill.
The manticore flicks its tail.
The volley of spikes misses you.
You completely miss the blink frog.
Aim: a manticore (chance to defeat MR: 28%)
Okay, then.
Unknown command.
The blink frog is struck by lightning.
The lightning arcs!
You are struck by lightning.
* * * LOW HITPOINT WARNING * * *
The lightning arcs!
The blink frog is struck by lightning.
The lightning arcs!
You are struck by lightning.
* * * LOW HITPOINT WARNING * * *
The lightning grounds out.
The blink frog misses you.
Aim: a manticore (chance to defeat MR: 32%)
Okay, then.
Unknown command.
You closely miss the blink frog. The blink frog misses you.
You closely miss the blink frog. You closely miss the blink frog.
The blink frog completely misses you.
You impale the blink frog!!
You kill the blink frog!
Okawaru accepts your kill.
You puncture the manticore! The manticore bites you!!
You die...

.. ...#.............#
#P+P.##.####......... P.#t##
#.........# #..# ##.....#.##
#.## ###.......# # #..#
#..+..##### ## ###### ##..###
##......P#
.###.##.###.#...#####......##
.'.............†@H..'......#
.#####.P#.##P..####.........#
..# ######P..## ##P......##
### #...### ##.......# ##....#
#......## #.##[.## #...H..#
##### ## #...#######+..# #
#.#P########..P##.... #####
####....................####P#


You could see a manticore.

Vanquished Creatures
  Pikel (D:5)
  Psyche (D:8)
  2 black mambas
  4 spiny frogs
  A rime drake (Lair:1)
  5 komodo dragons
  Prince Ribbit (D:6)
  9 blink frogs (Lair:2)
  2 hippogriffs
  A vampire (D:9)
  8 yaks
  2 basilisks (Lair:1)
  3 wyverns
  4 hogs (D:7)
  A human (D:7)
  2 hungry ghosts
  3 water moccasins
  5 porcupines
  4 orc warriors
  A sky beast (D:8)
  A hornet zombie (D:7)
  3 ogres
  2 ice beasts
  A necrophage (D:10)
  2 phantoms
  8 wolves (Lair:2)
  4 crocodiles
  4 centaurs
  2 big kobolds
  5 bullfrogs
  2 scorpions
  5 killer bees
  7 wights (D:9)
  5 howler monkeys
  4 crimson imps
  2 centaur skeletons
  6 hounds
  6 orc priests
  A bullfrog skeleton (D:8)
  13 orc wizards
  2 iguanas
  6 worker ants
  A worker ant zombie (D:8)
  6 gnolls
  5 adders
  A white imp (D:7)
  An adder skeleton (D:5)
  5 worms
  A dart slug (D:1)
  6 leopard geckos
  28 orcs
  5 bats
  7 giant cockroaches
  6 goblins
  4 hobgoblins
  10 jackals
  6 quokkas
  3 ball pythons
  A ball python skeleton (D:4)
  3 frilled lizards
  15 kobolds
  4 rats
269 creatures vanquished.

Vanquished Creatures (others)
  A sky beast (D:5)
  An orc priest (D:5)
  3 fungi
  A plant (Lair:1)
6 creatures vanquished.

Grand Total: 275 creatures vanquished

Notes
Turn   | Place    | Note
-------+----------+-------------------------------------------
     0 | D:1      | Lochraine the Kobold Air Elementalist began the quest for the Orb.
     0 | D:1      | Reached XP level 1. HP: 10/10 MP: 3/3
   355 | D:1      | Reached XP level 2. HP: 15/15 MP: 1/5
   445 | D:1      | Learned a level 2 spell: Swiftness
   790 | D:2      | Reached XP level 3. HP: 13/19 MP: 2/6
  1759 | D:2      | Found an iron altar of Okawaru.
  1918 | D:3      | Learned a level 2 spell: Sticks to Snakes
  1957 | D:3      | Reached XP level 4. HP: 22/24 MP: 5/8
  2227 | D:2      | Became a worshipper of Warmaster Okawaru
  2343 | D:3      | Found a glowing golden altar of the Shining One.
  2414 | D:3      | Noticed Grinder
  3239 | D:3      | Found a hazy altar of Hepliaklqana.
  3459 | D:4      | Reached XP level 5. HP: 28/28 MP: 9/9
  3555 | D:4      | Reached skill level 4 in Air Magic
  3710 | D:4      | Found a blossoming altar of Fedhas.
  3796 | D:4      | Reached skill level 1 in Fighting
  3796 | D:4      | Reached XP level 6. HP: 32/34 MP: 10/10
  4114 | D:5      | Entered Level 5 of the Dungeon
  4376 | D:5      | Reached * piety under Okawaru
  4528 | D:5      | Reached skill level 5 in Air Magic
  4528 | D:5      | Reached XP level 7. HP: 35/40 MP: 12/12
  4828 | D:5      | Noticed Pikel
  4893 | D:5      | Killed Pikel
  4893 | D:5      | Reached skill level 6 in Air Magic
  4893 | D:5      | Reached XP level 8. HP: 10/46 MP: 13/14
  5296 | D:5      | Reached skill level 1 in Shields
  5468 | D:5      | Learned a level 3 spell: Static Discharge
  5485 | D:6      | Reached ** piety under Okawaru
  6123 | D:6      | Reached XP level 9. HP: 45/51 MP: 10/15
  6187 | D:6      | Noticed Prince Ribbit
  6212 | D:6      | Killed Prince Ribbit
  6612 | D:6      | Learned a level 4 spell: Airstrike
  6648 | D:6      | Found Cepoisu's Armour Boutique.
  6683 | D:6      | Reached skill level 5 in Spellcasting
  6958 | D:7      | Reached skill level 5 in Conjurations
  6959 | D:7      | Reached *** piety under Okawaru
  6959 | D:7      | Reached skill level 5 in Dodging
  6963 | D:7      | Reached skill level 7 in Air Magic
  7296 | D:7      | Reached XP level 10. HP: 53/56 MP: 8/19
  7402 | D:7      | Found a staircase to the Ecumenical Temple.
  7435 | D:7      | Found a sacrificial altar of Ru.
  7462 | D:7      | Found a glowing silver altar of Zin.
  7480 | D:7      | Found a white marble altar of Elyvilon.
  7774 | D:7      | Reached skill level 1 in Short Blades
  7906 | D:7      | Reached skill level 1 in Transmutations
  8278 | D:8      | Noticed Psyche
  8331 | D:8      | Killed Psyche
  8331 | D:8      | Reached **** piety under Okawaru
  8504 | D:8      | Learned a level 5 spell: Lightning Bolt
  8645 | D:8      | Found Ufa Popp's General Store.
  8679 | D:8      | Found a staircase to the Lair.
  9335 | D:9      | Reached skill level 8 in Air Magic
  9346 | D:9      | Found Biawkycs's Armour Shoppe.
  9385 | D:9      | Found Hyuwet's Antique Weapon Boutique.
  9398 | D:9      | Bought a brightly glowing spear for 280 gold pieces
  9399 | D:9      | Identified the +7 spear "Killer Bee's Regret" {antimagic, rN+ Dex+3} (You bought it in a shop on level 9 of the Dungeon)
  9499 | D:9      | Found a shadowy altar of Dithmenos.
  9833 | D:9      | Found a hide-covered altar of Uskayaw.
  9833 | D:9      | Found a bloodstained altar of Trog.
  9866 | D:9      | Found a deep blue altar of Sif Muna.
 10508 | D:9      | Reached skill level 5 in Short Blades
 10641 | D:8      | Reached XP level 11. HP: 24/60 MP: 4/20
 10834 | D:10     | Entered Level 10 of the Dungeon
 10949 | Lair:1   | Entered Level 1 of the Lair of Beasts
 10997 | Lair:1   | Received a gift from Okawaru
 11262 | D:10     | Reached skill level 9 in Air Magic
 11283 | D:9      | HP: 3/62 [poisoned by a killer bee]
 11290 | D:9      | HP: 3/62 [poisoned by a killer bee]
 11298 | D:9      | HP: 2/62 [poisoned by a killer bee]
 11672 | D:10     | Reached skill level 5 in Fighting
 11694 | D:10     | Noticed MDvedh's ghost (novice MiSu)
 11856 | D:9      | Reached ***** piety under Okawaru
 11992 | Lair:1   | Received a gift from Okawaru
 12910 | Lair:1   | Reached skill level 1 in Invocations
 13073 | Lair:1   | Reached skill level 5 in Stealth
 13727 | Lair:1   | Reached XP level 12. HP: 69/72 MP: 21/21
 14346 | Lair:2   | Learned a level 3 spell: Confuse
 14366 | Lair:2   | Found a staircase to the Shoals.
 14471 | Lair:2   | Received a gift from Okawaru
 14471 | Lair:2   | Reached skill level 1 in Hexes
 14600 | Lair:3   | Noticed a six-headed hydra
 14687 | Lair:2   | Slain by a manticore

Skill      XL: |  1  2  3  4  5  6  7  8  9 10 11 12 |
---------------+-------------------------------------+-----
Stealth        | 3 6 7 |  7.6
Conjurations   | 2 3 4 5 7 8 |  8.0
Spellcasting   | 3 4 6 |  6.5
Air Magic      | 4 5 6 7 8 9 |  9.3
Fighting       | 1 2 3 7 8 |  8.0
Shields        | 4 |  4.0
Dodging        | 5 6 7 8 |  8.7
Short Blades   | 5 |  5.3
Transmutations | 2 |  2.0
Invocations    | 3 4 |  4.9
Hexes          | 3 |  3.1

Action                   |  1- 3 |  4- 6 |  7- 9 | 10-12 || total
-------------------------+-------+-------+-------+-------++-------
Melee: Whip              |    25 |    25 |       |       ||    50
       Unarmed           |     1 |       |       |       ||     1
       Short sword       |       |     6 |       |       ||     6
       Hand axe          |       |    57 |    62 |    56 ||   175
       Punch             |       |       |     3 |       ||     3
       Quick blade       |       |       |       |   332 ||   332
 Cast: Shock             |    61 |    70 |   162 |   240 ||   533
       Sticks to Snakes  |       |       |     5 |    10 ||    15
       Swiftness         |       |       |     1 |       ||     1
       Static Discharge  |       |       |     4 |    14 ||    18
       Airstrike         |       |       |     2 |    65 ||    67
       Lightning Bolt    |       |       |       |    23 ||    23
       Confuse           |       |       |       |     3 ||     3
Invok: Heroism           |       |       |     3 |     6 ||     9
  Use: Scroll            |       |     3 |     4 |    20 ||    27
       Potion            |       |       |     3 |     3 ||     6
 Stab: Sleeping          |     2 |    10 |     1 |     1 ||    14
  Eat: Chunk             |    12 |     8 |     9 |    38 ||    67
Armor: Robe              |    15 |    10 |       |    18 ||    43
       Leather armour    |       |    19 |    17 |     7 ||    43
Dodge: Dodged            |    58 |   107 |    89 |   266 ||   520
Block: Buckler           |       |       |       |    47 ||    47
